 Dungeon Crawl Stone Soup version 0.29.1-4-g47bece8355 (webtiles) character file.

Game seed: 15427917006097473426

32 GorkyZ the Trooper (level 3, -1/24 HPs)
             Began as a Gargoyle Monk on Dec 3, 2022.
             Slain by Sigmund
             ... wielding a +0 scythe
              (10 damage)
             ... on level 2 of the Dungeon.
             The game lasted 00:03:05 (1511 turns).

GorkyZ the Trooper (Gargoyle Monk)                  Turns: 1511, Time: 00:03:05

Health: -1/24      AC:  5    Str: 16    XL:     3   Next: 27%
Magic:  3/3        EV: 12    Int: 10    God:
Gold:   68         SH:  0    Dex: 12    Spells: 2/2 levels left

rFire   . . .      SeeInvis .   h - +1 whip (flame)
rCold   . . .      Faith    .   (no shield)
rNeg    + + .      Spirit   .   b - +0 robe
rPois   ∞          Reflect  .   (no helmet)
rElec   +          Harm     .   (no cloak)
rCorr   .          Rampage  .   (no gloves)
Will    .....                   (no boots)
Stlth   +.........              (no amulet)
HPRegen 0.08/turn               d - ring of positive energy
MPRegen 0.08/turn               (no ring)

@: confused
A: sickness immunity, AC +3, negative energy resistance 1, electricity
resistance, torment resistance 1, petrification resistance
a: no special abilities


You were on level 2 of the Dungeon.
You visited 1 branch of the dungeon, and saw 2 of its levels.

You collected 68 gold pieces.

Inventory:

Hand Weapons
 a - a +0 mace
 h - a +1 whip of flaming (weapon)
Armour
 b - a +0 robe (worn)
Jewellery
 d - a ring of positive energy (left hand)
Scrolls
 e - a scroll of vulnerability {unknown}
 f - a scroll of poison
 j - a scroll of teleportation {unknown}
 k - 2 scrolls of identify {unknown}
Potions
 c - 2 potions of ambrosia
 g - a potion of mutation {unknown}


   Skills:
 + Level 3.7 Fighting
 + Level 3.3 Maces & Flails
 + Level 2.7 Dodging
 + Level 2.8 Stealth


You had 2 spell levels left.
You didn't know any spells.
Your spell library contained the following spells:

 Spells                   Type           Power      Damage    Failure   Level
 Conjure Ball Lightning   Conj/Air       0%         3x3d6     100%        6
 Discord                  Hex            0%         N/A       100%        8
 Disjunction              Tloc           0%         N/A       100%        8


Dungeon Overview and Level Annotations

Branches:
Dungeon (2/15)

Altars:

Shops:
D:1 *

Annotations:
D:2 Sigmund


Innate Abilities, Weirdness & Mutations

You are immune to sickness and miasma.
Your stone body is resilient. (AC +3)
You are immune to poison.
You resist negative energy. (rN+)
You are resistant to electric shocks. (rElec)
You are resistant to unholy torment.
You are immune to petrification.


Message History

You are too confused!
You are too confused!
You are too confused!
You are too confused!
You are too confused!
You are too confused!
You are too confused!
You are too confused!
You are too confused!
You are too confused!
You are too confused!
You are too confused!
You are too confused!
You are too confused!
You are too confused!
You are too confused!
You are too confused!
You are too confused!
You are too confused!
You are too confused!
You are too confused!
You are too confused!
You are too confused!
The rat attacks as you move away! The rat barely misses you.
The rat misses you. Sigmund misses you.
You hit the rat. You burn the rat.
You kill the rat!
The rat misses you. Sigmund barely misses you.
You hit the endoplasm. You burn the endoplasm.
The endoplasm is heavily wounded.
The endoplasm freezes you.
You are frozen.
The rat closely misses you. The endoplasm attacks as you move away!
The endoplasm misses you. The endoplasm hits you. The rat closely misses you.
Sigmund casts a spell.
Sigmund flickers and vanishes!
Deactivating autopickup; reactivate with Ctrl-A.
The endoplasm closely misses you. The rat bites you but does no damage.
Something hits you!
You die...

..... ...)..
......#######
.#..........#
............#
#..........# ###
#..........####...
#.....†r........##
#####.{J@........#
.......####.......###
......#####.........##
#####.............#..###
#######............
#..........##
###.........#
#..>......# #....[....#


You could see an endoplasm and a rat.

Vanquished Creatures
  2 ball pythons (D:1)
  3 endoplasms (D:1)
  4 giant cockroaches
  2 goblins (D:1)
  5 hobgoblins (D:1)
  2 quokkas
  3 bats (D:1)
  A frilled lizard (D:1)
  4 kobolds
  3 rats
29 creatures vanquished.

Notes
Turn   | Place    | Note
-------+----------+-------------------------------------------
     0 | D:1      | GorkyZ the Gargoyle Monk began the quest for the Orb.
     0 | D:1      | Reached XP level 1. HP: 14/14 MP: 1/1
   318 | D:1      | Reached XP level 2. HP: 13/19 MP: 2/2
   633 | D:1      | Found a faded altar of an unknown god.
   671 | D:1      | Found Omunoeff's Assorted Antiques.
   968 | D:1      | Reached XP level 3. HP: 22/23 MP: 3/3
  1356 | D:2      | Identified a scroll of acquirement
  1356 | D:2      | Acquired a ring of positive energy
  1499 | D:2      | Noticed Sigmund
  1511 | D:2      | Slain by Sigmund

Illustrated notes

Levels and vault maps discovered:
D:1:      mrwooster_arrival_statue_3, layout_rooms, serial_shops,
          nicolae_shop_overgrown_old_shop,
          dreamdust_ecumenical_altar_hidden_monk_grotto
D:2:      layout_rooms, uniq_sigmund, uniq_robin

Action                   || total
-------------------------++-------
Melee: Mace              ||    61
       Whip              ||    60
       Punch             ||     2
  Use: Scroll            ||     4
 Stab: Sleeping          ||     3
Armor: Robe              ||    50
Dodge: Dodged            ||    83
